 Dungeon Crawl Stone Soup version 0.14.2 (webtiles) character file.

57 rftp080 the Magician (level 3, -1/24 HPs)
             Began as a Demonspawn Wizard on May 31, 2016.
             Killed from afar by Sigmund (5 damage)
             ... with a magic dart
             ... on Level 1 of the Dungeon.
             The game lasted 00:04:26 (1435 turns).

rftp080 the Magician (Demonspawn Wizard)            Turns: 1435, Time: 00:04:26

HP  -1/24        AC  3     Str  7      XL: 3   Next: 23%
MP   7/16        EV 12     Int 20      God:
Gold 20          SH  0     Dex 11      Spells:  3 memorised,  3 levels left

rFire  . . .     SeeInvis .     (no weapon)
rCold  . . .     Clarity  .     a - +0 robe
rNeg   . . .     Conserve .     (no shield)
rPois  .         rCorr    .     b - +0 hat
rElec  .         rRot     .     (no cloak)
SustAb . .       Spirit   .     (no gloves)
rMut   .         Warding  .     n - +0 pair of boots
Saprov + . .     Stasis   .     (no amulet)
MR     .....                    (no ring)
                                x - ring of magical power

@: repel missiles, not resistant to hostile enchantments, unstealthy
A: claws 1, saprovore 1
a: no special abilities


You were on level 1 of the Dungeon.
You were hungry.

You visited 1 branch of the dungeon, and saw 2 of its levels.

You collected 20 gold pieces.

Inventory:

Missiles
 h - 18 poisoned needles
 t - 4 tomahawks (quivered)
Armour
 a - a +0 robe (worn)
 b - a +0 hat (worn)
 j - a +1 buckler
 n - a +0 pair of boots (worn)
Comestibles
 d - 2 bread rations
 l - a meat ration
 r - 2 chunks of quokka flesh
 u - a sausage
 v - a honeycomb
Scrolls
 f - a scroll of enchant weapon I {unknown}
 k - a scroll of amnesia {unknown}
 m - a scroll of fear {unknown}
 p - a scroll of magic mapping {unknown}
 w - 4 scrolls of identify {unknown}
Jewellery
 x - a ring of magical power (left claw)
Potions
 e - a potion of paralysis {unknown}
 g - a potion of agility {unknown}
 i - a potion of lignification {unknown}
 o - a potion of magic {unknown}
 q - a potion of degeneration {unknown}
 s - a potion of brilliance {unknown}
 z - 3 potions of curing {unknown}
Books
 c - a book of Minor Magic

   Spells                             Type                      Level
   *Magic Dart                        Conjuration                  1
   *Blink                             Translocation                2
   Call Imp                           Summoning                    2
   *Repel Missiles                    Charms/Air                   2
   Slow                               Hexes                        2
   Conjure Flame                      Conjuration/Fire             3
   Mephitic Cloud                     Conjuration/Poison/Air       3


   Skills:
 - Level 1.8 Dodging
 - Level 1.7 Stealth
 - Level 3.0 Spellcasting
 + Level 3.0 Conjurations
   Level 1.0 Summonings
 - Level 0.8 Translocations


You had 3 spell levels left.
You knew the following spells:

 Your Spells              Type           Power        Failure   Level  Hunger
a - Magic Dart            Conj           ###.         4%          1    None
b - Blink                 Tloc           N/A          17%         2    ##.....
c - Repel Missiles        Chrm/Air       #.....       24%         2    ##.....


Dungeon Overview and Level Annotations

Branches:
Dungeon (2/15)

Altars:

Annotations:
D:2 Sigmund


Innate Abilities, Weirdness & Mutations

You have sharp fingernails.
You can tolerate rotten meat.


Message History

Okay, then.
Casting: Magic Dart
Confirm with . or Enter, or press ? or * to list all spells.
You blink.
A kobold comes into view. It is wielding a dagger.
The kobold shouts!
The kobold throws a dart of frost.
The dart of frost misses you.
The kobold throws a dart of frost.
The dart of frost hits you!
* * * LOW HITPOINT WARNING * * *
Casting: Blink
Confirm with . or Enter, or press ? or * to list all spells.
You blink.
You are feeling hungry.
Casting: Blink
Confirm with . or Enter, or press ? or * to list all spells.
You blink.
Casting: Blink
Confirm with . or Enter, or press ? or * to list all spells.
You blink.
The magic dart hits you!
You die...

......######♣♣♣♣♣♣♣♣♣♣♣♣♣♣.(#...#
...........# ♣♣♣♣♣♣♣#...#
......###### ♣♣♣♣#...# ......#
#...# ......###### #...#
...........#### ###...#
......#######.####### #.##.##
...)..# #..........# #.##.#
##.#### #......@...# #.##.##
##.#######.(........# #.#...#
.............(......# #.#...#
.........#..........#######.#...#
............K...................#
.........#.§........#######.#...#
.........####.###.### #.#...#
##########..K.....#########.#...#
................................#


You could see 2 kobolds.

Vanquished Creatures
  A giant gecko (D:1)
  An ooze (D:2)
  A giant cockroach (D:1)
  3 goblins (D:1)
  5 hobgoblins
  4 jackals
  A quokka (D:2)
  5 bats
  A giant newt (D:1)
  6 kobolds
  7 rats
35 creatures vanquished.

Notes
Turn   | Place    | Note
--------------------------------------------------------------
     0 | D:1      | rftp080, the Demonspawn Wizard, began the quest for the Orb.
     0 | D:1      | Reached XP level 1. HP: 13/13 MP: 4/4
   321 | D:1      | Gained mutation: You have sharp fingernails. [demonic ancestry]
   321 | D:1      | Reached XP level 2. HP: 19/19 MP: 0/6
   683 | D:1      | Learned a level 2 spell: Blink
   686 | D:1      | Learned a level 2 spell: Repel Missiles
  1092 | D:2      | Gained mutation: You can tolerate rotten meat. [demonic ancestry]
  1092 | D:2      | Reached XP level 3. HP: 24/24 MP: 1/7
  1405 | D:2      | Noticed Sigmund
  1435 | D:1      | Killed from afar by Sigmund

Action                   || total
-------------------------++-------
Melee: Unarmed           ||     8
 Cast: Magic Dart        ||    87
       Repel Missiles    ||     1
       Blink             ||     4
